 Dungeon Crawl Stone Soup version 0.21-a0-153-g78480df (webtiles) character file.

1146 galech the Grappler (level 8, -5/75 HPs)
             Began as a Troll Monk on July 31, 2017.
             Hit by a tomahawk thrown by an orc warrior (13 damage)
             ... on level 6 of the Dungeon.
             The game lasted 00:04:10 (3010 turns).

galech the Grappler (Troll Monk)                    Turns: 3010, Time: 00:04:10

Health: -5/75      AC:  6    Str: 22    XL:     8   Next: 15%
Magic:  7/7        EV: 11    Int:  6    God:
Gold:   179        SH:  0    Dex: 12    Spells: 7/7 levels left

rFire    + . .     SeeInvis .     - Unarmed
rCold    . . .     Gourm    +   (no shield)
rNeg     . . .     Faith    .   a - +0 robe
rPois    .         Spirit   .   (helmet restricted)
rElec    .         Reflect  .   u - +0 cloak
rCorr    .         Harm     .   (gloves unavailable)
MR       .....                  (boots unavailable)
Stlth    ++........             (no amulet)
HPRegen  0.62/turn              w - ring of protection from fire
MPRegen  0.10/turn              (no ring)

@: no status effects
A: unfitting armour, claws 3, fast metabolism 3, gourmand, regeneration 1,
shaggy fur 1, tough skin 2
a: no special abilities


You were on level 6 of the Dungeon.
You were completely stuffed.

You visited 1 branch of the dungeon, and saw 6 of its levels.

You collected 179 gold pieces.

Inventory:

Armour
 a - a +0 robe (worn)
 u - a +0 cloak (worn)
Jewellery
 w - a ring of protection from fire (left claw)
Wands
 q - a wand of lightning (9/15)
Scrolls
 e - 5 scrolls of remove curse {unknown}
 f - a scroll of random uselessness {unknown}
 g - 2 scrolls of immolation {unknown}
 i - 10 scrolls of identify {unknown}
 j - 3 scrolls of amnesia {unknown}
 m - 2 scrolls of magic mapping {unknown}
 o - 3 scrolls of enchant weapon {unknown}
 r - 2 scrolls of blinking {unknown}
 t - a scroll of noise {unknown}
 z - 2 scrolls of teleportation {unknown}
Potions
 c - a potion of curing {unknown}
 h - 4 potions of resistance {unknown}
 l - 2 potions of heal wounds {unknown}
 p - 2 potions of berserk rage {unknown}
 s - a potion of invisibility {unknown}
 v - a potion of mutation {unknown}
 x - a potion of might {unknown}
Books
 y - a book of Maledictions

   Spells                             Type                      Level
   a - Corona                         Hexes                        1
   b - Ensorcelled Hibernation        Hexes/Ice                    2
   c - Confuse                        Hexes                        3
   d - Tukima's Dance                 Hexes                        3
   e - Dazzling Spray                 Conjuration/Hexes            3
Comestibles
 b - 6 bread rations
 d - 2 meat rations
 n - 2 royal jellies
 A - 4 fruits


   Skills:
 + Level 3.5 Fighting
 + Level 4.0 Dodging
 + Level 2.3 Stealth
 + Level 8.1 Unarmed Combat


You had 7 spell levels left.
You didn't know any spells.

Dungeon Overview and Level Annotations

Branches:
Dungeon (6/15)
 Temple: D:4-7

Altars:
Ashenzari
Gozag
Xom

Annotations:
D:6 Prince Ribbit


Innate Abilities, Weirdness & Mutations

You are too large for most types of armour.
You have claws for hands.
Your metabolism is lightning-fast.
You like to eat raw meat.
Your natural rate of healing is unusually fast.
You are covered in fur. (AC +1)
You have very tough skin. (AC +2)


Message History

The orc warrior throws a tomahawk.
The tomahawk barely misses you.
The tomahawk barely misses the worker ant.
You barely miss the worker ant.
The worker ant is heavily wounded.
The worker ant bites you.
* * * LOW HITPOINT WARNING * * *
The orc warrior throws a tomahawk.
The tomahawk closely misses you.
The tomahawk hits the worker ant!
The worker ant dies!
The sentinel's mark upon you fades away.
Things that are here:
2 tomahawks; an arrow The orc warrior throws a tomahawk.
The tomahawk closely misses you.
You see here a tomahawk.
The orc warrior throws a tomahawk.
The tomahawk hits you but does no damage.
You see here a tomahawk.
All of the chunks of flesh in your inventory have rotted away.
The orc warrior throws a tomahawk.
The tomahawk hits you!
You die...

.## ..# ########.##
#......... # ##.## #.#
.# ##.#.## ##.##.####.
######.###.###..........
o{S.o(## ##.....@..#
######(###o######..#
##.#.##### ..# ##o###>.
..# #.# #.# #.# #.# #.#
#.###.# .# #.# #.....#
.# #.# #####.# .# #.#
#.#####.# #.#


You could see an orc warrior.

Vanquished Creatures
  2 ice beasts (D:5)
  An ogre (D:6)
  A centaur (D:6)
  2 scorpions
  3 howler monkeys
  3 crimson imps
  An orc priest (D:3)
  A centaur skeleton (D:4)
  A hound (D:4)
  An iguana (D:4)
  2 orc wizards (D:5)
  2 worker ants
  A hound zombie (D:6)
  A hound skeleton (D:4)
  5 gnolls
  A howler monkey skeleton (D:4)
  7 adders
  An adder skeleton (D:5)
  5 worms
  A dart slug (D:1)
  A leopard gecko (D:2)
  17 orcs
  2 ball pythons
  6 bats
  7 giant cockroaches
  11 goblins
  9 hobgoblins
  3 frilled lizards
  5 kobolds
  3 rats
106 creatures vanquished.

Vanquished Creatures (others)
  A worker ant (D:6)
1 creature vanquished.

Grand Total: 107 creatures vanquished

Notes
Turn   | Place    | Note
-------+----------+-------------------------------------------
     0 | D:1      | galech the Troll Monk began the quest for the Orb.
     0 | D:1      | Reached XP level 1. HP: 22/22 MP: 0/0
   113 | D:1      | Reached XP level 2. HP: 29/29 MP: 1/1
   530 | D:2      | Reached XP level 3. HP: 36/36 MP: 2/2
   941 | D:2      | Found a shattered altar of Ashenzari.
   949 | D:2      | Reached XP level 4. HP: 40/44 MP: 3/3
  1058 | D:3      | Reached skill level 4 in Unarmed Combat
  1256 | D:3      | Reached XP level 5. HP: 52/52 MP: 4/4
  1617 | D:4      | Reached skill level 5 in Unarmed Combat
  1733 | D:4      | Reached XP level 6. HP: 54/61 MP: 5/5
  2003 | D:4      | Reached skill level 6 in Unarmed Combat
  2192 | D:5      | Entered Level 5 of the Dungeon
  2385 | D:5      | Found an opulent altar of Gozag.
  2408 | D:5      | Reached XP level 7. HP: 67/67 MP: 6/6
  2648 | D:5      | Reached skill level 7 in Unarmed Combat
  2697 | D:5      | Found a shimmering altar of Xom.
  2971 | D:6      | Reached XP level 8. HP: 75/75 MP: 7/7
  2979 | D:6      | Noticed Prince Ribbit
  2981 | D:6      | Reached skill level 8 in Unarmed Combat
  2996 | D:6      | HP: 2/75 [orc warrior/tomahawk (7)]
  3010 | D:6      | Hit by a tomahawk thrown by an orc warrior

Vault maps used:
D:1:      lightli_arrival_boilingwater, grunt_decor_cap, hangedman_decor_points
D:2:      ashenzari_altar_1
D:3:      first_bread
D:5:      grunt_gozag_statues, lemuel_coloured_pillars_altar,
          kennysheep_pointless_box
D:6:      tgw_sif, serial_shops, shop_statue, uniq_prince_ribbit1

Skill      XL: |  1  2  3  4  5  6  7  8 |
---------------+-------------------------+-----
Dodging        | 3 4 |  4.0
Unarmed Combat | 4 5 6 7 8 |  8.1
Fighting       | 3 |  3.5
Stealth        | 2 |  2.3

Action                   |  1- 3 |  4- 6 |  7- 9 || total
-------------------------+-------+-------+-------++-------
Melee: Unarmed           |    88 |   141 |    82 ||   311
       Punch             |     2 |     2 |     2 ||     6
 Stab: Sleeping          |     4 |     3 |       ||     7
  Eat: Chunk             |    14 |    14 |     5 ||    33
Armor: Robe              |    26 |    30 |    12 ||    68
Dodge: Dodged            |    61 |    56 |    35 ||   152
